cohdb
Replays
Latest Replays
All Replays
Popular Replays
Top Player Replays
Match Explorer
How It Works
Community
CoH3 Stats
Reddit
Sign in to upload your games and track your stats! →
Sign in with Steam
Match 43059384
Unlisted
Match 43059384
Overview
Messages
Build Orders
End
Royal Engineer Section
Construct Section Command Post
Selects Air and Sea Battlegroup
Selects Air and Sea Battlegroup
ML 3-inch Mortar Team
ML 3-inch Mortar Team
Selects Supply Surplus
Construct Field Infirmary
Construct Platoon Command Post
Unlock M3 Stuart Light Tanks
Forward Retreat Point
M3 Stuart Light Tank
Construct Company Command Post
Unlock M3 Grant Medium Tanks
Selects Commando Section Paradrop
Selects M1 Pack Howitzer Paradrop
M3 Grant Medium Tank
Construct Resource Cache
Construct Resource Cache
Construct Resource Cache
Construct Resource Cache
M3 Grant Medium Tank
Construct Resource Cache
M3 Grant Medium Tank
Selects Anti-tank Rocket Loiter
M3 Grant Medium Tank
Anti-tank Rocket Loiter
M3 Grant Medium Tank
Construct Resource Cache
Selects UNKNOWN (223837)
Forward Retreat Point
CMP 15cwt Truck
M3 Grant Medium Tank
Armored Vehicle Training
Anti-tank Rocket Loiter
Selects Naval Bombardment
Infantry Training
Infantry Section
Naval Bombardment
Infantry Section
Grenade Package
Royal Engineer Section
Construct Resource Cache
Naval Bombardment
Royal Engineer Section
Anti-tank Rocket Loiter
M3 Grant Medium Tank
Construct Resource Cache
Construct Resource Cache
Dog
Paranoiac
Kogashiwasu
GGGG8888
UFO
Hou3eLANisterP8U
一剑开天门
Seventh SL
0
0
Comments
sign in to comment!
No comments posted yet!